 Dungeon Crawl Stone Soup version 0.30-a0-4-ga7cffc901d (webtiles) character file.

Game seed: 11181001383761108966

108 yokelz the Chopper (level 4, -3/39 HPs)
             Began as a Minotaur Berserker on Aug 20, 2022.
             Was a Believer of Trog.
             Slain by Grinder (7 damage)
             ... on level 3 of the Dungeon.
             The game lasted 00:02:22 (2201 turns).

yokelz the Chopper (Minotaur Berserker)             Turns: 2201, Time: 00:02:24

Health: -3/39      AC:  2    Str: 24    XL:     4   Next: 58%
Magic:  3/3        EV: 12    Int:  4    God:    Trog [**....]
Gold:   63         SH:  0    Dex:  9    Spells: 3/3 levels left

rFire   . . .      SeeInvis .    a - +0 hand axe
rCold   . . .      Faith    .    (no shield)
rNeg    . . .      Spirit   .    b - +0 animal skin
rPois   .          Reflect  .    (helmet restricted)
rElec   .          Harm     .    (no cloak)
rCorr   .          Rampage  .    (no gloves)
Will    .....                    (no boots)
Stlth   +.........               (no amulet)
HPRegen 0.13/turn                (no ring)
MPRegen 0.08/turn                (no ring)

@: on berserk cooldown, slowed, very slow
A: horns 2, retaliatory headbutt
a: Renounce Religion, Berserk, Trog's Hand


You were on level 3 of the Dungeon.
You worshipped Trog.
Trog was pleased with you.
You visited 1 branch of the dungeon, and saw 3 of its levels.

You collected 120 gold pieces.
You spent 57 gold pieces at shops.

Inventory:

Hand Weapons
 a - a +0 hand axe (weapon)
Missiles
 n - 4 javelins (quivered)
Armour
 b - a +0 animal skin (worn)
Jewellery
 e - a ring of resist corrosion
Scrolls
 d - 2 scrolls of magic mapping {unknown}
 g - 2 scrolls of teleportation {unknown}
 h - 2 scrolls of acquirement {unknown}
 k - a scroll of identify {unknown}
 m - a scroll of torment {unknown}
Potions
 c - 3 potions of curing {unknown}
 f - a potion of lignification {unknown}
 i - a potion of heal wounds {unknown}
 j - a potion of cancellation {unknown}
 l - a potion of magic {unknown}


   Skills:
 - Level 3.6 Fighting
 + Level 6.5 Axes
 - Level 2.4 Armour
 - Level 2.1 Dodging


You had 3 spell levels left.
You didn't know any spells.
Your spell library was empty.

Dungeon Overview and Level Annotations

Branches:
Dungeon (3/15)

Altars:

Shops:
D:2 ((*:

Annotations:
D:3 Grinder


Innate Abilities, Weirdness & Mutations

You have a pair of horns on your head.
You reflexively headbutt those who attack you in melee.


Message History

You barely miss Grinder. Grinder hits you.
You writhe in agony.
You barely miss Grinder. Grinder closely misses you.
You slash Grinder! Your headbutt misses Grinder.
Grinder is moderately wounded.
Grinder hits you!
You writhe in agony.
You barely miss Grinder. Your headbutt misses Grinder.
Grinder is moderately wounded.
Grinder misses you. You furiously retaliate!
You headbutt Grinder, but do no damage.
A red film seems to cover your vision as you go berserk!
You feel yourself moving faster!
You feel mighty! The adder bites you.
Grinder blinks!
You feel a strong urge to attack something.
The adder barely misses you. You furiously retaliate!
You headbutt the adder! The adder closely misses you.
You feel your anger nearly subside. Grinder hits you but does no damage.
You closely miss Grinder.
Grinder is moderately wounded.
You barely miss the adder.
You are no longer berserk.
You are exhausted.
You feel yourself slow down. The adder closely misses you.
You furiously retaliate!
You headbutt the adder. Grinder hits you!
* * * LOW HITPOINT WARNING * * *
You writhe in agony.
* * * LOW HITPOINT WARNING * * *
You closely miss Grinder.
Grinder is moderately wounded.
You miss the adder. The adder closely misses you. Grinder gestures at you.
You resist with significant effort. The adder bites you.
* * * LOW HITPOINT WARNING * * *
You hit Grinder.
Grinder is moderately wounded.
You hit the adder.
You kill the adder!
Trog accepts your kill. Grinder hits you!
You die...

....... #.# #.######
#.# #.# #.# #.# ##.#
#.# ..# #.# #.# #.#
########.######.#
#...5@..........######
########.######.......
#.# #.###### ..# #.#
#### #.# ###


You could see Grinder.

Vanquished Creatures
  4 gnolls (D:2)
  2 adders (D:3)
  2 worms
  2 dart slugs
  An orc (D:2)
  3 ball pythons (D:2)
  3 endoplasms
  5 goblins
  9 hobgoblins
  3 jackals (D:1)
  6 kobolds
  A quokka (D:2)
  3 bats (D:2)
  A frilled lizard (D:2)
  A rat (D:2)
46 creatures vanquished.

Vanquished Creatures (others)
  6 fungi (D:2)
  5 plants (D:2)
11 creatures vanquished.

Grand Total: 57 creatures vanquished

Notes
Turn   | Place    | Note
-------+----------+-------------------------------------------
     0 | D:1      | yokelz the Minotaur Berserker began the quest for the Orb.
     0 | D:1      | Reached XP level 1. HP: 19/19 MP: 0/0
    67 | D:1      | Reached skill level 4 in Axes
   106 | D:1      | Reached XP level 2. HP: 10/26 MP: 1/1
   559 | D:1      | Reached ** piety under Trog
   562 | D:1      | Reached skill level 5 in Axes
  1145 | D:2      | Reached XP level 3. HP: 30/31 MP: 2/2
  1229 | D:2      | Found Rucuymen's Assorted Antiques.
  1234 | D:2      | Bought a silvery potion for 19 gold pieces
  1234 | D:2      | Bought a bubbling purple potion for 19 gold pieces
  1234 | D:2      | Bought a metallic green potion for 19 gold pieces
  1245 | D:2      | Found Afror's Book Boutique.
  1271 | D:2      | Reached skill level 6 in Axes
  1271 | D:2      | Reached XP level 4. HP: 22/39 MP: 3/3
  1519 | D:2      | Found Gudum's Antique Weapon Emporium.
  1604 | D:2      | Found Soavu's Weapon Shoppe.
  1685 | D:2      | Identified the +0 robe of Disappointment {Int-5 Dex+5}
  1792 | D:2      | Found a faded altar of an unknown god.
  2189 | D:3      | Noticed Grinder
  2201 | D:3      | Slain by Grinder

Illustrated notes

Levels and vault maps discovered:
D:1:      ebering_hopf_link, layout_basic
D:2:      layout_basic, dilly_ecumenical_altar_fadedgnrine, serial_shops, shop,
          nicolae_shop_crystal, shop, nicolae_shop_crystal,
          dreamdust_mushroom_princess
D:3:      layout_basic, kiku_gazebo_pond_becter, uniq_grinder

Skill      XL: |  1  2  3 |
---------------+----------+-----
Axes           | 4 5 6 |  6.5
Fighting       | |  3.6
Armour         | |  2.4
Dodging        | |  2.1

Action                   |  1- 3 |  4- 6 || total
-------------------------+-------+-------++-------
Melee: Hand axe          |    66 |    47 ||   113
       Headbutt          |    10 |    10 ||    20
       Punch             |       |     1 ||     1
Invok: Berserk           |     1 |     1 ||     2
Armor: Animal skin       |    10 |     7 ||    17
Dodge: Dodged            |    38 |    21 ||    59

Table legend: (Time is in decaauts)
 A = Elapsed time spent in this place.
 B = Non-inter-level travel time spent in this place.
 C = Inter-level travel time spent in this place.
 D = Time resting spent in this place.
 E = Time spent auto-exploring this place.
 F = Levels seen in this place.
 G = Mean time per level.
                   A        B        C        D        E       F      G
               +--------+--------+--------+--------+--------+-----+--------+
         Total |   2208 |   2179 |     29 |    408 |   1468 |   3 |  736.0 |
       Dungeon |   2208 |   2179 |     29 |    408 |   1468 |   3 |  736.0 |
               +--------+--------+--------+--------+--------+-----+--------+

Top non-repeatable levels by time:
     D:1: 1140 daAuts
     D:2: 827 daAuts
     D:3: 241 daAuts
